 Dungeon Crawl Stone Soup version 0.21.1-1-g345015f (webtiles) character file.

38 xccam the Slasher (level 3, 0/27 HPs)
             Began as a Demonspawn Gladiator on Mar 27, 2018.
             Slain by a goblin (3 damage)
             ... on level 2 of the Dungeon.
             The game lasted 00:01:41 (731 turns).

xccam the Slasher (Demonspawn Gladiator)             Turns: 731, Time: 00:01:41

Health: 0/27       AC:  4    Str: 15    XL:     3   Next: 25%
Magic:  3/3        EV: 16    Int:  9    God:
Gold:   56         SH:  0    Dex: 19    Spells: 2/2 levels left

rFire    . . .     SeeInvis .   a - +0 long sword
rCold    . . .     Gourm    .   (no shield)
rNeg     . . .     Faith    .   b - +0 leather armour
rPois    .         Spirit   .   c - +0 helmet
rElec    .         Reflect  .   (no cloak)
rCorr    .         Harm     .   (no gloves)
MR       .....                  (no boots)
Stlth    +.........             (no amulet)
HPRegen  0.09/turn              g - +5 ring of dexterity
MPRegen  0.08/turn              (no ring)

@: no status effects
A: repulsion field 2
a: no special abilities


You were on level 2 of the Dungeon.
You were not hungry.

You visited 1 branch of the dungeon, and saw 2 of its levels.

You collected 56 gold pieces.

Inventory:

Hand Weapons
 a - a +0 long sword (weapon)
Missiles
 d - 3 throwing nets (quivered)
Armour
 b - a +0 leather armour (worn)
 c - a +0 helmet (worn)
Jewellery
 g - a +5 ring of dexterity (left hand)
Scrolls
 h - a scroll of remove curse {unknown}
 i - a scroll of blinking {unknown}
 j - a scroll of enchant weapon {unknown}
 k - a scroll of enchant armour {unknown}
 l - a scroll of immolation {unknown}
 m - a scroll of teleportation {unknown}
 n - a scroll of identify {unknown}
 p - a scroll of random uselessness {unknown}
Potions
 e - a potion of curing {unknown}
 o - a potion of brilliance {unknown}
Comestibles
 f - 2 rations


   Skills:
 - Level 2.0 Fighting
 + Level 4.0 Long Blades
 - Level 1.7 Throwing
 - Level 2.6 Dodging


You had 2 spell levels left.
You didn't know any spells.

Dungeon Overview and Level Annotations

Branches:
Dungeon (2/15)

Altars:


Innate Abilities, Weirdness & Mutations

You are surrounded by a moderate repulsion field. (EV +3)


Message History

You are too injured to fight recklessly!
You closely miss the hobgoblin. The hobgoblin closely misses you.
You hit the hobgoblin but do no damage. The hobgoblin hits you with a club.
* * * LOW HITPOINT WARNING * * *
You closely miss the hobgoblin. The hobgoblin misses you.
You closely miss the hobgoblin.
The hobgoblin hits you but does no damage.
You hit the hobgoblin but do no damage. The hobgoblin misses you.
You riposte.
You closely miss the hobgoblin. You slash the hobgoblin!
You kill the hobgoblin!
You hit the goblin.
The goblin is moderately wounded.
The goblin hits you.
* * * LOW HITPOINT WARNING * * *
The goblin closely misses you.
You closely miss the goblin.
The goblin is moderately wounded.
The goblin hits you.
You die...

......>.......#
#..†##.#..#
####...##.#..#
..#............#
#...##..##..#.##
..............#
########
.#..###..w..†.#
#......## ##
#.##..#.####..<....#
#.##....wg@........#
#.##.##.####.......#
#.....).# #.......#
##.....## #.......#
#.....# #.......#
#.....# #.......#
#.....# ####.####
#..<..# .# ......#


You could see a worm and a goblin.

Vanquished Creatures
  An ooze (D:1)
  A dart slug (D:1)
  3 bats (D:1)
  4 goblins (D:1)
  8 hobgoblins
  2 jackals (D:1)
  A frilled lizard (D:1)
  5 kobolds (D:1)
  3 rats (D:1)
28 creatures vanquished.

Notes
Turn   | Place    | Note
-------+----------+-------------------------------------------
     0 | D:1      | xccam the Demonspawn Gladiator began the quest for the Orb.
     0 | D:1      | Reached XP level 1. HP: 16/16 MP: 1/1
    48 | D:1      | Reached skill level 3 in Long Blades
    49 | D:1      | Gained mutation: You are surrounded by a mild repulsion field. (EV +2) [demonic ancestry]
    49 | D:1      | Reached XP level 2. HP: 13/22 MP: 2/2
   300 | D:1      | Gained mutation: You are surrounded by a moderate repulsion field. (EV +3) [demonic ancestry]
   300 | D:1      | Reached XP level 3. HP: 19/27 MP: 3/3
   706 | D:2      | Reached skill level 4 in Long Blades
   731 | D:2      | Slain by a goblin

Skill      XL: |  1  2  3 |
---------------+----------+-----
Long Blades    | 3 4 |  4.0
Fighting       | |  2.0
Throwing       | |  1.7
Dodging        | |  2.6

Action                   || total
-------------------------++-------
Melee: Long sword        ||    74
Armor: Leather armour    ||    17
Dodge: Dodged            ||    85
       Rpst.: Long sword ||    31
